 Dungeon Crawl Stone Soup version 0.20.1-1-g8b1a95d (webtiles) character file.

59 Dawnplanks the Skirmisher (level 3, 0/45 HPs)
             Began as a Demonspawn Abyssal Knight on Nov 25, 2017.
             Was a Follower of Lugonu.
             Succumbed to Crazy Yiuf's poison
             ... on level 2 of the Dungeon.
             The game lasted 00:07:46 (2106 turns).

Dawnplanks the Skirmisher (DsAK)                    Turns: 2106, Time: 00:07:46

Health: 0/45       AC: 22    Str: 13    XL:     3   Next: 78%
Magic:  4/4        EV:  2    Int: 13    God:    Lugonu [*.....]
Gold:   108        SH:  0    Dex: 12    Spells: 2/2 levels left

rFire    . . .     SeeInvis .   a - +2 hand axe
rCold    . . .     Gourm    .   (no shield)
rNeg     + + +     Faith    .   (armour currently unavailable)
rPois    +         Spirit   .   (helmet currently unavailable)
rElec    .         Reflect  .   (cloak currently unavailable)
rCorr    .         Harm     .   (gloves currently unavailable)
MR       .....     NoTele   +   (boots currently unavailable)
Stlth    ..........             (no amulet)
Regen    0.2/turn               n - ring of loudness (curse)
MPRegen  0.1/turn               j - +1 ring of protection

@: lethally poisoned (0 -> -9), tree-form
A: rugged brown scales 1
a: Depart the Abyss, Renounce Religion


You were on level 2 of the Dungeon.
You worshipped Lugonu.
Lugonu was aware of your devotion.
You were not hungry.
You were a tree.
You visited 1 branch of the dungeon, and saw 2 of its levels.
You visited the Abyss 1 time.

You collected 108 gold pieces.

Inventory:

Hand Weapons
 a - a +2 hand axe (weapon)
Armour
 b - a +0 leather armour
 e - a +0 ring mail (melded)
Jewellery
 j - a +1 ring of protection (right branch)
 l - an uncursed ring of see invisible
 n - a cursed ring of loudness (left branch)
 p - an uncursed ring of protection from cold
Scrolls
 d - a scroll of teleportation
 g - a scroll of identify
 h - a scroll of recharging
Potions
 q - a potion of agility {unknown}
Comestibles
 c - 3 bread rations
 f - a fruit
 m - a meat ration


   Skills:
 + Level 3.7 Fighting
 + Level 2.9 Axes
 + Level 1.9 Armour
 + Level 1.1 Dodging
 + Level 0.2 Stealth
 + Level 2.4 Invocations


You had 2 spell levels left.
You didn't know any spells.

Dungeon Overview and Level Annotations

Branches:
Dungeon (2/15)

Altars:

Annotations:
D:2 Crazy Yiuf


Innate Abilities, Weirdness & Mutations

((You have a pair of small antennae on your head.))
(You are partially covered in rugged brown scales. (AC +1, +3% HP))


Message History

It is a scroll of enchant weapon.
Your +1 hand axe glows red for a moment.
Crazy Yiuf says, "Whiteboard blue leg!"
You closely miss Crazy Yiuf. Crazy Yiuf barely misses you.
You hit Crazy Yiuf but do no damage. Crazy Yiuf closely misses you.
You closely miss Crazy Yiuf.
Crazy Yiuf hits you with a quarterstaff of chaos!
You hit Crazy Yiuf.
Crazy Yiuf is lightly wounded.
Crazy Yiuf hits you with a quarterstaff of chaos!
* * * LOW HITPOINT WARNING * * *
You are lethally poisoned!
Crazy Yiuf hits you with a quarterstaff of chaos.
* * * LOW HITPOINT WARNING * * *
Crazy Yiuf burns you.
* * * LOW HITPOINT WARNING * * *
Unknown command.
It was a potion of lignification.
You turn into a tree.
Your +0 ring mail melds into your body.
Your roots penetrate the ground.
You die...

##).## ##.#
#≈.....♣
#....#
#.###≈...♣♣♣
♣...♣♣
#...#≈......
♣...♣
###.#≈......
♣♣.♣♣
#...#≈≈≈≈≈≈≈
♣.♣♣
###.########
♣♣.♣ ###.#
♣.♣♣ #.#.#
♣♣♣♣ #...# #
#g# #.#.#
###### ...
###.# #.....
#...# #.#
#.#### #..)#
#.# #.# #
#####
#.###.####
#.........
#.###.....
#.# #..###


You could see Crazy Yiuf.

Vanquished Creatures
  An adder (D:2)
  A dart slug (D:2)
  2 leopard geckos (D:1)
  A ball python (D:2)
  7 bats
  2 giant cockroaches (D:2)
  5 goblins
  3 hobgoblins
  4 jackals (D:1)
  8 kobolds
  2 frilled lizards
  5 rats
41 creatures vanquished.

Notes
Turn   | Place    | Note
-------+----------+-------------------------------------------
     0 | Abyss:1  | Dawnplanks the Demonspawn Abyssal Knight began the quest for the Orb.
     0 | Abyss:1  | Reached XP level 1. HP: 18/18 MP: 2/2
    32 | Abyss:1  | Noticed a tentacled starspawn
    32 | D:1      | Escaped the Abyss
    49 | D:1      | Reached skill level 1 in Dodging
    69 | D:1      | Gained mutation: You are partially covered in rugged brown scales. (AC +1, +3% HP) [demonic ancestry]
    69 | D:1      | Reached XP level 2. HP: 8/24 MP: 3/3
   971 | D:1      | Reached * piety under Lugonu
  1396 | D:2      | Gained mutation: You have a pair of small antennae on your head. [demonic ancestry]
  1396 | D:2      | Reached XP level 3. HP: 28/29 MP: 4/4
  1404 | D:2      | Found a faded altar of an unknown god.
  2076 | D:2      | Found a runed door.
  2099 | D:2      | Noticed Crazy Yiuf
  2105 | D:2      | HP: 1/30 [Crazy Yiuf/quarterstaff of chaos (2)]
  2106 | D:2      | Succumbed to Crazy Yiuf's poison

Skill      XL: |  1 |
---------------+----+-----
Axes           | 2 |  2.9
Dodging        | 1 |  1.1
Fighting       | |  3.7
Armour         | |  1.9
Stealth        | |  0.2
Invocations    | |  2.4

Action                   || total
-------------------------++-------
Melee: Hand axe          ||   143
Invok: Depart the Abyss  ||     1
  Use: Scroll            ||     4
       Potion            ||     1
  Eat: Fruit             ||     3
       Bread ration      ||     1
Armor: Leather armour    ||     7
       Skin              ||    22
       Ring mail         ||    18
Dodge: Dodged            ||   111
